 Dungeon Crawl Stone Soup version 0.26-a0-662-g8b9c6dab81 (webtiles) character file.

Game seed: 11879646496156369855

270 oldriver the Skirmisher (level 6, -3/39 HPs)
             Began as a Gargoyle Fighter on Oct 9, 2020.
             Killed by nerve-wracking pain
             ... invoked by an orc priest
              (7 damage)
             ... on level 3 of the Dungeon.
             The game lasted 00:04:25 (3101 turns).

oldriver the Skirmisher (Gargoyle Fighter)          Turns: 3101, Time: 00:04:26

Health: -3/39      AC: 15    Str: 19    XL:     6   Next: 22%
Magic:  6/6        EV:  5    Int:  9    God:
Gold:   121        SH:  9    Dex: 11    Spells: 5/5 levels left

rFire    . . .     SeeInvis .   j - +1 mace (holy)
rCold    . . .     Faith    .   c - +0 kite shield
rNeg     + . .     Spirit   .   f - +0 chain mail
rPois    ∞         Reflect  .   (no helmet)
rElec    +         Harm     .   e - +1 cloak {Stlth+}
rCorr    .         Rampage  .   (no gloves)
MR       .....                  (no boots)
Stlth    ..........             k - amulet of the acrobat
HPRegen  0.13/turn              (no ring)
MPRegen  0.10/turn              (no ring)

@: no status effects
A: negative energy resistance 1, electricity resistance, unbreathing,
petrification resistance, rot immunity, AC +4
a: no special abilities


You were on level 3 of the Dungeon.
You visited 1 branch of the dungeon, and saw 3 of its levels.

You collected 121 gold pieces.

Inventory:

Hand Weapons
 j - a +1 mace of holy wrath (weapon)
Armour
 c - a +0 kite shield (worn)
 e - a +1 cloak of stealth (worn)
 f - a +0 chain mail (worn)
Jewellery
 k - an amulet of the acrobat (around neck)
 l - a cursed ring of teleportation
Wands
 b - a wand of acid (9)
 d - a wand of random effects (14)
Scrolls
 g - 3 scrolls of remove curse
 i - 3 scrolls of teleportation {unknown}
Potions
 a - a potion of brilliance {unknown}
 h - a potion of lignification


   Skills:
 * Level 4.6 Fighting
 * Level 4.3 Maces & Flails
 + Level 3.9 Armour
 + Level 0.6 Dodging
 + Level 0.1 Stealth
 + Level 4.3 Shields


You had 5 spell levels left.
You didn't know any spells.
Your spell library was empty.

Dungeon Overview and Level Annotations

Branches:
Dungeon (3/15)

Altars:
Elyvilon


Innate Abilities, Weirdness & Mutations

You are resistant to torment.
Your stone body is resilient. (AC +4)
You are immune to poison.
You resist negative energy. (rN+)
You are resistant to electric shocks. (rElec)
You can survive without breathing.
You are immune to petrification.
You are immune to rotting.


Message History

Unknown command.
You closely miss the orc priest.
The orc priest is lightly wounded.
You block the orc's attack.
You hit the orc priest.
The orc priest is lightly wounded.
The orc priest mumbles some strange prayers to Beogh against you.
Beogh smites you!
* * * LOW HITPOINT WARNING * * *
The orc hits you but does no damage. The orc hits you with a +0 short sword.
* * * LOW HITPOINT WARNING * * *
You barely miss the orc priest.
The orc priest is lightly wounded.
The orc priest hits you but does no damage.
You block the orc's attack. x2
You sock the orc priest!
The orc priest is severely wounded.
The orc priest invokes the aid of Beogh against you.
Pain shoots through your body!
You die...

.## #............# #.#... ..#
#.......)..#.# #...(# ..#
#............# ##.##.<.). #.#
#...........## #..........
#o# #.........### ...........
#.# #.........# ...........
#># #.........####
............ #.#
#######.....o##..............
#.####
##>...@oo..............
#....# #...##o...............
#S##.# ####...##
K...............
#o.#.##......##
................
##.#.#..#..... .......
#o#......#.. ...._..
#.##...#.#.# .......
#..#o<...# ....... ##..#...##


You could see an orc priest, 3 orcs and a kobold.

Vanquished Creatures
  A scorpion (D:3)
  Crazy Yiuf (D:2)
  An orc priest (D:3)
  Jessica (D:2)
  A worker ant (D:2)
  2 adders
  2 worms (D:1)
  3 dart slugs
  2 leopard geckos
  5 orcs
  A giant cockroach (D:2)
  5 goblins
  7 hobgoblins
  16 jackals
  3 quokkas
  3 ball pythons
  8 bats
  4 frilled lizards
  4 kobolds
  3 rats
73 creatures vanquished.

Notes
Turn   | Place    | Note
-------+----------+-------------------------------------------
     0 | D:1      | oldriver the Gargoyle Fighter began the quest for the Orb.
     0 | D:1      | Reached XP level 1. HP: 14/14 MP: 1/1
    59 | D:1      | Reached XP level 2. HP: 14/19 MP: 2/2
   312 | D:1      | Reached XP level 3. HP: 14/24 MP: 3/3
  1344 | D:2      | Found a runed translucent door.
  1345 | D:2      | Noticed Crazy Yiuf
  1386 | D:2      | Killed Crazy Yiuf
  1386 | D:2      | Reached XP level 4. HP: 29/29 MP: 4/4
  2456 | D:2      | Reached XP level 5. HP: 33/33 MP: 5/5
  2514 | D:3      | Noticed Jessica
  2539 | D:2      | Killed Jessica
  2672 | D:3      | Reached XP level 6. HP: 39/39 MP: 6/6
  3091 | D:3      | Found a white marble altar of Elyvilon.
  3101 | D:3      | Killed from afar by an orc priest

Illustrated notes

Levels and vault maps discovered:
D:1:      tarquinn_simple_flora_water_b, layout_basic, minmay_misc_feat_doors
D:2:      layout_loops_ring, kennysheep_nondescript, uniq_crazy_yiuf_cottage
D:3:      layout_rooms, overflow_temple_1_default, uniq_jessica

Skill      XL: |  1  2  3  4  5 |
---------------+----------------+-----
Maces & Flails | 3 4 |  4.3
Fighting       | 4 |  4.6
Shields        | 4 |  4.3
Armour         | |  3.9
Dodging        | |  0.6
Stealth        | |  0.1

Action                   |  1- 3 |  4- 6 || total
-------------------------+-------+-------++-------
Melee: Flail             |   125 |       ||   125
       Mace              |     3 |   161 ||   164
  Use: Potion            |     4 |       ||     4
       Scroll            |       |     3 ||     3
Armor: Scale mail        |    84 |    48 ||   132
       Skin              |     2 |       ||     2
       Chain mail        |       |    58 ||    58
Dodge: Dodged            |    49 |    55 ||   104
Block: Kite shield       |    97 |   100 ||   197

Table legend: (Time is in decaauts)
 A = Elapsed time spent in this place.
 B = Non-inter-level travel time spent in this place.
 C = Inter-level travel time spent in this place.
 D = Time resting spent in this place.
 E = Time spent auto-exploring this place.
 F = Levels seen in this place.
 G = Mean time per level.
                   A        B        C        D        E       F      G
               +--------+--------+--------+--------+--------+-----+--------+
         Total |   3201 |   3059 |    142 |   1118 |   1083 |   3 | 1067.0 |
       Dungeon |   3201 |   3059 |    142 |   1118 |   1083 |   3 | 1067.0 |
               +--------+--------+--------+--------+--------+-----+--------+

Top non-repeatable levels by time:
     D:2: 1528 daAuts
     D:1: 1351 daAuts
     D:3: 321 daAuts
